AoeStats
← Chaos

Arena

508493974Analyzed
3v3 RM · 11d ago on Sep 22, 2026· 25m 2s· 6 players
Game mode
Random Map
Map size
Normal (6 player)
Population
200
Speed
Normal
Resources
Standard
Victory
Conquest
Starting age
Dark Age
Ending age
Imperial Age
RankedLock teamsTeams togetherTeam positionsShared explorationLock speedFull tech treeHidden civsTurbo modeCheats
Victory
Defeat
🇹🇷 Spanish · Türkiye
1014
+15
🇹🇷 Poles · Türkiye
985
+16
🇹🇷 Chinese · Türkiye
932
+18
🇫🇷 Italians · France
1000
-51
🇫🇷 Lithuanians · France
1000
-51
🇫🇷 Burgundians · France
962
-15
Erkal
2:41 Loom
10:21 Feudal Age
16:33 Castle Age
14:22 Double-Bit Axe
15:44 Horse Collar
19:02 Bow Saw
23:46 Scale Barding Armor
23:55 Heavy Plow
24:43 Bloodlines
26:00 Wheelbarrow
Chaos
11:47 Feudal Age
13:11 Double-Bit Axe
13:08 Horse Collar
14:10 Wheelbarrow
18:40 Castle Age
22:49 Bow Saw
24:01 Gold Mining
24:01 Stone Mining
24:27 Forging
Sürpriz yaparım
11:03 Feudal Age
10:17 Loom
14:50 Castle Age
15:49 Horse Collar
15:55 Double-Bit Axe
Pia-Pia
7:29 Loom
10:22 Feudal Age
10:57 Double-Bit Axe
10:55 Horse Collar
14:37 Wheelbarrow
14:53 Bloodlines
20:36 Castle Age
19:01 Gold Mining
20:38 Forging
20:33 Scale Barding Armor
20:29 Fletching
20:41 Padded Archer Armor
21:31 Bow Saw
22:22 Iron Casting
21:51 Husbandry
Alexeug
9:51 Double-Bit Axe
10:08 Loom
11:54 Feudal Age
11:24 Horse Collar
11:40 Gold Mining
16:47 Castle Age
15:12 Heavy Plow
16:54 Scale Barding Armor
17:04 Cavalier
CarlitoMonaco
12:09 Feudal Age
14:19 Double-Bit Axe
23:27 Castle Age
23:00 Horse Collar
Connection lost

Rejoining the realm…

Still unreachable

The connection could not be restored.

Session expired

The server has moved on; the page needs a fresh start.